 Dungeon Sprint DCSS version 0.32-a0-585-gef4fe23122 (webtiles) character file.

Game seed: 6601902231126207329

205 Revguard the Slasher (level 5, -12/29 HPs)
             Began as a Vine Stalker Gladiator on Mar 2, 2024.
             Was an Initiate of Jiyva.
             Mangled by a merfolk
             ... wielding a +3 trident
              (13 damage)
             ... in the Dungeon (Sprint V: "Ziggurat Sprint").
             The game lasted 00:01:39 (199 turns).

Revguard the Slasher (Vine Stalker Gladiator)        Turns: 199, Time: 00:01:41

Health: -12/29     AC: 26    Str: 22    XL:     5   Next: 83%
Magic:  0/6        EV: 10    Int:  8    God:    Jiyva [......]
Gold:   0          SH:  0    Dex: 24    Spells: 4/4 levels left

rFire   . . .        D - +11 Screaming Sword {sonic wave}
rCold   . . .        (no shield)
rNeg    . . .        C - +15 Maxwell's patent armour {-Cast -Tele rElec Will+ rCorr}
rPois   .            c - +0 helmet
rElec   +            (no cloak)
rCorr   +            (no gloves)
SInv    .            (no boots)
Will    +....        (no amulet) Stlth
                     w - +6 ring of dexterity
HPRegen 1.04/turn    A - +6 ring of strength
MPRegen 0.10/turn

%: no teleportation, no spellcasting, guardian spirit
@: no status effects
A: fangs 2, regeneration 1, magic shield, antimagic bite, no potion heal 2
a: Renounce Religion


You were in the Dungeon.
You worshipped Jiyva.
Jiyva was noncommittal.
You visited 1 branch

Inventory:

Hand Weapons
 a - a +0 long sword
 D - the +11 Screaming Sword (weapon) {sonic wave}
   (You found it in the Dungeon)
Missiles
 d - 3 throwing nets (quivered)
 e - a javelin
Armour
 b - a +0 leather armour
 c - a +0 helmet (worn)
 C - the +15 Maxwell's patent armour (worn) {-Cast -Tele rElec Will+ rCorr}
   (You found it in the Dungeon)

   rElec:     It insulates you from electricity.
   Will+:     It increases your willpower.
   -Cast:     It prevents spellcasting.
   -Tele:     It prevents most forms of teleportation.
   rCorr:     It protects you from acid and corrosion.
Jewellery
 v - a ring of flight
 w - a +6 ring of dexterity (left hand)
 x - a +6 ring of dexterity
 y - a +6 ring of intelligence
 z - a +6 ring of intelligence
 A - a +6 ring of strength (right hand)
 B - a +6 ring of strength
 F - a +6 ring of dexterity
Wands
 t - a wand of mindburst (7)
 u - a wand of quicksilver (7)
 E - a wand of paralysis (3)
Scrolls
 j - 4 scrolls of blinking
 p - 4 scrolls of amnesia
 q - 7 scrolls of fog
 r - 5 scrolls of identify
 s - 2 scrolls of fear
Potions
 f - 10 potions of curing
 g - 6 potions of haste
 h - 7 potions of magic
 i - 3 potions of berserk rage
 k - 2 potions of brilliance
 l - 2 potions of invisibility
 m - 4 potions of resistance
 n - a potion of experience
 o - 5 potions of might


   Skills:
 + Level 3.9 Fighting
 + Level 7.4 Long Blades
 - Level 3.6 Throwing
 + Level 0.1 Armour
 + Level 6.2 Dodging
 - Level 0.1 Stealth
 + Level 0.0 Evocations


You had 4 spell levels left.
You didn't know any spells.
Your spell library was empty.

Dungeon Overview and Level Annotations

Branches:
Dungeon (1/1)

Altars:
Ashenzari
Cheibriados
Dithmenos
Elyvilon
Fedhas
Gozag
Hepliaklqana
Kikubaaqudgha
Makhleb
Nemelex Xobeh
Okawaru
Qazlal
Ru
Sif Muna
Trog
Uskayaw
Vehumet
Wu Jian
Xom
Yredelemnul
Zin
The Shining One
Beogh
Jiyva
Lugonu

Annotations:
D 1 transporter


Innate Abilities, Weirdness & Mutations

You have extremely sharp teeth.
Your natural rate of healing is unusually fast.
When hurt, damage is shared between your health and your magic reserves.
Your bite disrupts and absorbs the magic of your enemies.
Potions cannot restore your health.


Message History

4 merfolk come into view.
A merfolk is wielding a +2 antimagic trident and quivering 2 throwing nets.
The merfolk shouts! x2
The merfolk throws a throwing net.
The throwing net hits you.
You become entangled in the net!
Found five items.
Found a transporter.
You tear a large gash into the net.
You struggle against the net.
The merfolk hits you but does no damage.
You rip the net and break free!
The merfolk closely misses you.
The merfolk hits you but does no damage.
The merfolk hits you but does no damage.
The merfolk hits you with a +0 trident!
The merfolk hits you from afar with a +0 trident.
You hit the merfolk.
The Screaming Sword shrieks, "SUFFER OR PERISH!
EITHER!"
You send a blast of sound all around you.
The merfolk is moderately wounded.
The merfolk is heavily wounded.
The merfolk is lightly wounded.
The merfolk is heavily wounded. x2
The merfolk hits you with a +2 antimagic trident!
You feel your power leaking away. The merfolk hits you with a +3 trident.
The merfolk hits you with a +0 trident!
* * * LOW HITPOINT WARNING * * *
The merfolk closely misses you.
Okay, then.
Okay, then.
You slash the merfolk! You bite the merfolk. You drain its power.
You feel invigorated.
The merfolk is heavily wounded.
The merfolk hits you but does no damage. x3
The merfolk completely misses you.
You barely miss the merfolk. You bite the merfolk, but do no damage.
The merfolk is moderately wounded.
The merfolk hits you with a +2 antimagic trident.
* * * LOW HITPOINT WARNING * * *
The merfolk hits you with a +3 trident!
You die...
Jiyva sends a jelly to digest your remains.

▓▓▓▓▓▓▓▓▓▓▓▓▓▓▓▓▓▓▓
▓.ß©ß.▓.ß©ß.▓.ß©ß.▓
▓.))".▓..[).▓.....▓
▓..[..▓.....▓.|...▓
▓..m..▓.))).▓..†..▓
▓.m.m.▓.....▓.....▓
▓.m@..▓.....▓..©..▓
▓..©..▓..©..▓▓▓▓▓▓▓
▓▓▓▓▓▓▓▓▓▓▓▓▓


You could see 4 merfolk.

Vanquished Creatures
  A yak (D)
  An orc priest (D)
  An orc wizard (D)
  An orc (D)
  A jackal (D)
5 creatures vanquished.

Vanquished Creatures (others)
  A titan (shapeshifter) (D)
  A rockslime (shapeshifter) (D)
  An azure jelly (D)
  A formless jellyfish (D)
  An anaconda (shapeshifter) (D)
  A shock serpent (shapeshifter) (D)
  A mana viper (shapeshifter) (D)
  A cane toad (shapeshifter) (D)
  A hellion (D)
  A tarantella (shapeshifter) (D)
  2 dream sheep (shapeshifter) (D)
  A slime creature (shapeshifter) (D)
  A hog (shapeshifter) (D)
  A swamp worm (shapeshifter) (D)
15 creatures vanquished.

Grand Total: 20 creatures vanquished

Notes
Turn   | Place    | Note
-------+----------+-------------------------------------------
     0 | D        | Revguard the Vine Stalker Gladiator began the quest for the
                  | Orb.
     0 | D        | Reached XP level 1. HP: 11/11 MP: 2/2
     0 | D        | Found a shimmering blue altar of Sif Muna.
     0 | D        | Found a bloodstained altar of Trog.
     0 | D        | Found a sacrificial altar of Ru.
     0 | D        | Found a stormy altar of Qazlal.
     0 | D        | Found an iron altar of Okawaru.
     1 | D        | Found a sparkling altar of Nemelex Xobeh.
     1 | D        | Found a blossoming altar of Fedhas.
     1 | D        | Found the +6 Majin-Bo {spellvamp, MP+6 Int+6}
     1 | D        | Found the +27 heavy crossbow "Sniper" {heavy, Acc+∞ SInv}
     1 | D        | Found the +10 dark maul {heavy}
     1 | D        | Found the +15 Maxwell's patent armour {-Cast -Tele rElec
                  | Will+ rCorr}
     1 | D        | Found the +18 shield of the Gong {Loud rN+ Will+ rCorr
                  | EV-5}
     1 | D        | Found the +16 obsidian axe {drain, demonic, Mesm ^Drain Fly
                  | SInv}
     1 | D        | Found the +7 great mace "Firestarter" {flame, immolate,
                  | rFlCloud rF++}
     1 | D        | Found the +6 shillelagh "Devastator" {shatter}
     1 | D        | Found the +11 plutonium sword {^Contam Stlth-}
     1 | D        | Found the +8 lance "Wyrmbane" {slay drac, rPois rF+ rC+
                  | AC+3}
     1 | D        | Found the +9 sword of Zonguldrok {reap}
     1 | D        | Found the +13 scythe of Curses {drain, curses, ^Drain}
     1 | D        | Found the +9 sword of Power {lifebolt}
     1 | D        | Found the +7 mace of Variability {chaos, chaos arc}
     1 | D        | Found the +11 Singing Sword {sonic wave}
     1 | D        | Found the +8 storm bow {elec, penet}
     3 | D        | Found a transporter.
     3 | D        | Found an ancient bone altar of Kikubaaqudgha.
     3 | D        | Found a viscous altar of Jiyva.
     3 | D        | Found a corrupted altar of Lugonu.
     3 | D        | Found a hazy altar of Hepliaklqana.
     3 | D        | Found a burning altar of Makhleb.
     3 | D        | Found an opulent altar of Gozag.
    43 | D        | Became a worshipper of Jiyva Jovell the Shapeless
    43 | D        | Killed a hellion
    43 | D        | Killed a swamp worm
    44 | D        | Killed an anaconda
    44 | D        | Killed a slime creature
    45 | D        | Killed a titan
    46 | D        | Killed an azure jelly
    46 | D        | Killed a shock serpent
    47 | D        | Killed a tarantella
    47 | D        | Killed a formless jellyfish
    49 | D        | Killed a dream sheep
    49 | D        | Killed a dream sheep
    50 | D        | Killed a hog
    50 | D        | Killed a rockslime
    55 | D        | Killed a mana viper
    62 | D        | Killed a cane toad
   162 | D        | Entered arena 2.
   162 | D        | Noticed a yak
   162 | D        | Found a transporter.
   165 | D        | Reached skill level 3 in Long Blades
   165 | D        | Killed a yak
   166 | D        | Reached skill level 6 in Long Blades
   166 | D        | Reached skill level 5 in Dodging
   166 | D        | Reached XP level 2. HP: 16/16 MP: 3/3
   166 | D        | Reached XP level 3. HP: 20/20 MP: 4/4
   166 | D        | Reached XP level 4. HP: 25/25 MP: 5/5
   166 | D        | Reached XP level 5. HP: 28/28 MP: 6/6
   171 | D        | Entered arena 3.
   171 | D        | Found a transporter.
   176 | D        | Reached skill level 7 in Long Blades
   192 | D        | Entered arena 4.
   192 | D        | Noticed a merfolk
   192 | D        | Noticed a merfolk
   192 | D        | Noticed a merfolk
   192 | D        | Noticed a merfolk
   192 | D        | Found a transporter.
   199 | D        | HP: 1/29 [merfolk/+2 antimagic trident (4)]
   199 | D        | Mangled by a merfolk

Illustrated notes

Levels and vault maps discovered:
D:        sprint_v [room_start, room_1, room_2, room_3, room_4, room_5, room_6,
          room_7, room_8, room_9, room_10, room_11, room_12, room_13, room_14,
          room_15, room_16, room_17, room_18, room_19, room_20, room_21,
          room_22, room_23, room_24, room_25, room_26, room_27]

Skill      XL: |  1  2  3  4  5 |
---------------+----------------+-----
Long Blades    | 6 7 |  7.4
Fighting       | 3 |  3.9
Throwing       | 3 |  3.6
Dodging        | 5 6 |  6.2
Armour         | |  0.1
Stealth        | |  0.1

Action                     |  1- 3 |  4- 6 || total
---------------------------+-------+-------++-------
  Melee: Double sword      |     2 |     6 ||     8
         Bite              |     1 |     2 ||     3
 Armour: Plate armour      |     3 |    17 ||    20
  Dodge: Dodged            |     1 |     5 ||     6

Table legend: (Time is in decaauts)
 A = Elapsed time spent in this place.
 B = Non-inter-level travel time spent in this place.
 C = Inter-level travel time spent in this place.
 D = Time resting spent in this place.
 E = Time spent auto-exploring this place.
 F = Levels seen in this place.
 G = Mean time per level.
                   A        B        C        D        E       F      G
               +--------+--------+--------+--------+--------+-----+--------+
         Total |    199 |    199 |      0 |    118 |      0 |   1 |  199.0 |
       Dungeon |    199 |    199 |      0 |    118 |      0 |   1 |  199.0 |
               +--------+--------+--------+--------+--------+-----+--------+

Top non-repeatable levels by time:
       D: 199 daAuts
